 Dungeon Crawl Stone Soup version 0.30.0-29-ga12c61a403 (webtiles) character file.

Game seed: 704309517328278342

184 hawla the Firebug (level 6, -8/45 HPs)
             Began as a Meteoran Fire Elementalist on June 5, 2023.
             Was an Initiate of Vehumet.
             Killed by miscasting Flame Wave (13 damage)
             ... on level 6 of the Dungeon.
             The game lasted 00:05:34 (904 turns).

hawla the Firebug (Meteoran Fire Elementalist)       Turns: 904, Time: 00:05:34

Health: -8/45      AC:  4    Str:  9    XL:     6   Next: 18%
Magic:  0/12       EV: 13    Int: 18    God:    Vehumet [......]
Gold:   54         SH:  0    Dex: 16    Spells: 5/12 levels left

rFire   . . .        (no weapon)
rCold   . . .        (no shield)
rNeg    . . .        a - +1 robe
rPois   .            (no helmet)
rElec   .            (no cloak)
rCorr   .            (no gloves)
SInv    .            l - +0 pair of boots
Will    .....        (no amulet)
Stlth   +            (no ring)
HPRegen 0.27/turn    (no ring)
MPRegen 0.13/turn

%: no passive effects
@: attractive, very slightly contaminated, glowing
A: sense surroundings 1, otherworldly, glowing, explore regen
a: Renounce Religion


You were on level 6 of the Dungeon.
You worshipped Vehumet.
Vehumet was noncommittal.
You visited 1 branch of the dungeon, and saw 6 of its levels.

You collected 54 gold pieces.

Inventory:

Armour
 a - a +1 robe (worn)
 l - a +0 pair of boots (worn)
Wands
 m - a wand of mindburst (13) (quivered)
Potions
 g - a potion of brilliance
 i - a potion of berserk rage
 j - a potion of resistance


   Skills:
 - Level 0.3 Fighting
 - Level 3.0 Dodging
 - Level 1.4 Stealth
 - Level 3.9 Spellcasting
 + Level 4.2 Conjurations
 - Level 4.8 Fire Magic


You had 5 spell levels left.
You knew the following spells:

 Your Spells              Type           Power      Damage    Failure   Level
a - Foxfire               Conj/Fire      80%        2x1d8     2%          1
b - Scorch                Fire           42%        2d6       3%          2
c - Flame Wave            Conj/Fire      20%        2d7       22%         4

Your spell library contained the following spells:

 Spells                   Type           Power      Damage    Failure   Level
 Inner Flame              Hex/Fire       12%        N/A       16%         3
 Volatile Blastmotes      Fire/Tloc      24%        2d12      16%         3
 Ensorcelled Hibernation  Hex/Ice        6%         N/A       22%         2
 Spider Form              Tmut/Pois      3%         N/A       41%         3
 Anguish                  Hex/Necr       1%         N/A       83%         4


Dungeon Overview and Level Annotations

Branches:
Dungeon (6/15) Zot: 2697
 Temple: D:4-7

Altars:
Hepliaklqana
Vehumet

Annotations:
D:4 3 runed translucent doors, RascalDebosk's ghost, novice DjGl


Innate Abilities, Weirdness & Mutations

You passively map a small area around you.
You are easily found by Zot.
You glow in the dark.
You regain HP and MP as you explore.


Message History

The gnoll sergeant is lightly wounded.
The flame wave engulfs the plant.
The plant begins to die.
The plant is lightly damaged.
You finish channelling waves of flame.
The gnoll sergeant completely misses you.
You aren't carrying any scrolls.
It was a potion of curing.
You feel better. The gnoll sergeant barely misses you.
Saving game... please wait.
Welcome back, hawla the Meteoran Fire Elementalist.
Vehumet says: Let it end in hellfire!
Press ? for a list of commands and other information.
It was a potion of attraction.
You feel attractive to monsters.
A white imp comes into view.
The gnoll sergeant hits you from afar with a +0 spear!
* * * LOW HITPOINT WARNING * * *
The gnoll sergeant is attracted toward you.
The white imp is attracted toward you.
You aren't carrying any scrolls.
A nearby plant withers and dies.
The gnoll sergeant hits you from afar with a +0 spear!
* * * LOW HITPOINT WARNING * * *
The gnoll sergeant is attracted toward you.
The white imp is attracted toward you. The gnoll sergeant closely misses you.
The gnoll sergeant is attracted toward you.
The gnoll sergeant completely misses you.
The gnoll sergeant is attracted toward you.
The gnoll sergeant barely misses you.
The gnoll sergeant is attracted toward you.
The white imp is attracted toward you.
Cast which spell? (? or * to list)
The spell is quite dangerous to miscast (22% risk of failure)!
Continue anyway? [Y]es or [N]o only, please.
The spell is quite dangerous to miscast (22% risk of failure)!
Continue anyway?
Casting: Flame Wave (quite dangerous; 22% risk of failure)
Press: ? - help, Dir - look around, f - activate You miscast Flame Wave.
You are blasted with magical energy!
You die...

##### ####@..#
##.5g.#.# #.§##.P.#
* ** #.§#..P.P..# *
#...$)§)..§#.#P.#
..........§§§.)...,*
.#.....##§§..PPP.#
#..... .§"P_§.#..
###### ..PP..,.P


You could see a gnoll sergeant and a white imp.

Vanquished Creatures
  A phantom (D:4)
  An iguana (D:4)
  2 adders (D:4)
  3 gnolls (D:6)
  A worm (D:4)
  2 dart slugs (D:4)
  2 ball pythons
  2 endoplasms
  4 goblins
  2 hobgoblins (D:3)
  3 jackals (D:1)
  2 quokkas (D:4)
  4 kobolds
  A rat (D:1)
30 creatures vanquished.

Vanquished Creatures (others)
  70 foxfires
70 creatures vanquished.

Grand Total: 100 creatures vanquished

Notes
Turn   | Place    | Note
-------+----------+-------------------------------------------
     0 | D:1      | hawla the Meteoran Fire Elementalist began the quest for
                  | the Orb.
     0 | D:1      | Reached XP level 1. HP: 14/14 MP: 5/5
    19 | D:1      | Reached XP level 2. HP: 11/20 MP: 0/7
    70 | D:1      | Learned a level 2 spell: Scorch
   266 | D:4      | Noticed a phantom
   291 | D:4      | Killed a phantom
   292 | D:4      | Reached XP level 3. HP: 17/26 MP: 0/9
   292 | D:4      | Reached XP level 4. HP: 21/33 MP: 0/10
   292 | D:4      | Reached XP level 5. HP: 25/38 MP: 0/11
   297 | D:4      | Learned a level 4 spell: Flame Wave
   630 | D:4      | Found a runed translucent gate.
   630 | D:4      | Found a runed translucent gate.
   632 | D:4      | Found a runed translucent gate.
   632 | D:4      | Noticed RascalDebosk's ghost (novice DjGl)
   633 | D:4      | Noticed an orc warrior
   634 | D:4      | Identified the +1 ring mail of the Eternal Void {rF+ SInv
                  | Stlth-}
   814 | D:4      | Found a radiant altar of Vehumet.
   820 | D:4      | Became a worshipper of Vehumet
   851 | D:5      | Entered Level 5 of the Dungeon
   893 | D:6      | Found a hazy altar of Hepliaklqana.
   893 | D:6      | Noticed a gnoll sergeant
   897 | D:6      | Reached XP level 6. HP: 9/45 MP: 3/12
   900 | D:6      | HP: 1/45 [gnoll sergeant/+0 spear (7)]
   904 | D:6      | Killed by miscasting Flame Wave

Illustrated notes

Levels and vault maps discovered:
D:1:      minmay_arrival_checkered_box, layout_basic
D:2:      layout_basic, nicolae_hexahallways, uniq_terence
D:3:      minmay_inner_zag, layout_basic, kennysheep_generic_room_9
D:4:      layout_cave_pods, mainiacjoe_overflow_big_doors,
          biasface_ghost_orc_armoury, uniq_edmund
D:5:      layout_loops_ring, nicolae_tso_carved_into_rock, uniq_blork_the_orc
D:6:      layout_basic, nicolae_hepliaklqana_hazy_memory,
          minmay_temple_entry_proselytizer, serial_shops,
          nicolae_shop_rolling_square, serial_park_tiny_1

Skill      XL: |  1  2  3  4  5 |
---------------+----------------+-----
Spellcasting   | 3 |  3.9
Fire Magic     | 4 |  4.8
Dodging        | 3 |  3.0
Conjurations   | 4 |  4.2
Fighting       | |  0.3
Stealth        | |  1.4

Action                     |  1- 3 |  4- 6 || total
---------------------------+-------+-------++-------
  Melee: Unarmed           |     5 |       ||     5
   Cast: Foxfire           |    22 |    19 ||    41
         Scorch            |     1 |    11 ||    12
         Flame Wave        |       |     1 ||     1
    Use: Scroll            |       |     9 ||     9
         Potion            |       |     3 ||     3
 Armour: Robe              |     7 |     5 ||    12
  Dodge: Dodged            |    21 |    11 ||    32
